| TOP OF THE 1ST |
|
Buffalo Bisons batting - Pitching for Tidewater Tides : RHP Bud Yanus
|
|
Pitching: RHP Bud Yanus
|
|
|
Batting: RHB Carlos Matamoros
|
0-0: Foul Ball, location: 2F 0-1: Swinging Strike 0-2: Foul Ball, location: 2F 0-2: Foul Ball, location: 2F 0-2: Ground out 2-3 (Groundball, 2L, EV 66.9 MPH)
|
|
Batting: LHB Phillip Baskerville
|
0-0: Ball 1-0: Swinging Strike 1-1: Foul Ball, location: 2F 1-2: Fly out, F9 (Flyball, 9D, EV 91.9 MPH)
|
|
Batting: RHB Juan Villa
|
0-0: Called Strike 0-1: Fly out, F5 (Popup, 25F, EV 82.5 MPH)
|
| Top of the 1st over - 0 runs, 0 hits, 0 errors, 0 left on base; Buffalo 0 - Tidewater 0 |
| BOTTOM OF THE 1ST |
|
Tidewater Tides batting - Pitching for Buffalo Bisons : RHP Bill Landrum
|
|
Pitching: RHP Bill Landrum
|
|
|
Batting: RHB Juan Garcia
|
0-0: Fly out, F2 (Popup, 15S, EV 89.4 MPH)
|
|
Batting: RHB German Rivera
|
0-0: Ground out 6-3 (Groundball, 6, EV 85.0 MPH)
|
|
Batting: RHB Brad Komminsk
|
0-0: Called Strike 0-1: Fly out, F8 (Flyball, 89XD, EV 107.5 MPH)
|
| Bottom of the 1st over - 0 runs, 0 hits, 0 errors, 0 left on base; Buffalo 0 - Tidewater 0 |
| TOP OF THE 2ND |
|
Buffalo Bisons batting - Pitching for Tidewater Tides : RHP Bud Yanus
|
|
Batting: SHB George D Wright
|
0-0: Ball 1-0: Foul Ball, location: 2F 1-1: Called Strike 1-2: Ball 2-2: Ground out 4-3 (Groundball, 4M, EV 106.3 MPH)
|
|
Batting: RHB Bill Bathe
|
0-0: Fly out, F9 (Flyball, 9LM, EV 96.9 MPH)
|
|
Batting: RHB John Seefried
|
0-0: Swinging Strike 0-1: Called Strike 0-2: Strikes out swinging
|
| Top of the 2nd over - 0 runs, 0 hits, 0 errors, 0 left on base; Buffalo 0 - Tidewater 0 |
| BOTTOM OF THE 2ND |
|
Tidewater Tides batting - Pitching for Buffalo Bisons : RHP Bill Landrum
|
|
Batting: LHB Dave Kable
|
0-0: Swinging Strike 0-1: Ground out 4-3 (Groundball, 4, EV 98.8 MPH)
|
|
Batting: RHB Mike Rex
|
0-0: Fly out, F9 (Line Drive, 9D, EV 95.0 MPH)
|
|
Batting: RHB George Gomez
|
0-0: Called Strike 0-1: Ball 1-1: Fly out, F7 (Flyball, 7LM, EV 79.4 MPH)
|
| Bottom of the 2nd over - 0 runs, 0 hits, 0 errors, 0 left on base; Buffalo 0 - Tidewater 0 |
| TOP OF THE 3RD |
|
Buffalo Bisons batting - Pitching for Tidewater Tides : RHP Bud Yanus
|
|
Batting: LHB Bob Skube
|
0-0: Called Strike 0-1: Ball 1-1: Called Strike 1-2: Foul Ball, location: 2F 1-2: Ball 2-2: Ball 3-2: Base on Balls
|
|
Batting: RHB Pat Keedy
|
0-0: Called Strike 0-1: Foul Ball, location: 2F 0-2: Ball 1-2: Ball 2-2: Foul Ball, location: 2F 2-2: Fly out, F7 (Flyball, 78S, EV 83.8 MPH)
|
|
Batting: RHB Nicholas Kintz
|
0-0: Swinging Strike 0-1: Ball 1-1: Ball 2-1: Fielders Choice at 2nd, 3-6 (Groundball, 3S, EV 82.5 MPH)
|
|
Batting: RHB Carlos Matamoros
|
0-0: Ball 1-0: Called Strike 1-1: Foul Ball, location: 2F 1-2: Fielders Choice at 2nd, 6-4 (Groundball, 6, EV 84.4 MPH)
|
| Top of the 3rd over - 0 runs, 0 hits, 0 errors, 1 left on base; Buffalo 0 - Tidewater 0 |
| BOTTOM OF THE 3RD |
|
Tidewater Tides batting - Pitching for Buffalo Bisons : RHP Bill Landrum
|
|
Batting: RHB Thomas Walker
|
0-0: Foul Ball, location: 2F 0-1: Ball 1-1: Ground out 6-3 (Groundball, 6, EV 98.1 MPH)
|
|
Batting: LHB Mike Martin
|
0-0: Ground out U3 (Groundball, 34D, EV 86.3 MPH)
|
|
Batting: SHB Julio Valdez
|
0-0: Ball 1-0: Ground out 4-3 (Groundball, 4, EV 109.4 MPH)
|
| Bottom of the 3rd over - 0 runs, 0 hits, 0 errors, 0 left on base; Buffalo 0 - Tidewater 0 |
| TOP OF THE 4TH |
|
Buffalo Bisons batting - Pitching for Tidewater Tides : RHP Bud Yanus
|
|
Batting: LHB Phillip Baskerville
|
0-0: Called Strike 0-1: Called Strike 0-2: Fly out, F9 (Flyball, 89XD, EV 95.6 MPH)
|
|
Batting: RHB Juan Villa
|
0-0: Foul Ball, location: 2F 0-1: Ball 1-1: Swinging Strike 1-2: Foul Ball, location: 2F 1-2: Ball 2-2: Fly out, F7 (Line Drive, 7, EV 87.5 MPH)
|
|
Batting: SHB George D Wright
|
0-0: Called Strike 0-1: Called Strike 0-2: Foul Ball, location: 2F 0-2: Ball 1-2: Ball 2-2: Foul Ball, location: 2F 2-2: Ground out 4-3 (Groundball, 34D, EV 85.0 MPH)
|
| Top of the 4th over - 0 runs, 0 hits, 0 errors, 0 left on base; Buffalo 0 - Tidewater 0 |
| BOTTOM OF THE 4TH |
|
Tidewater Tides batting - Pitching for Buffalo Bisons : RHP Bill Landrum
|
|
Batting: RHB Juan Garcia
|
0-0: Called Strike 0-1: Foul Ball, location: 2F 0-2: Fly out, F8 (Flyball, 89S, EV 88.1 MPH)
|
|
Batting: RHB German Rivera
|
0-0: Ball 1-0: Called Strike 1-1: Ball 2-1: Ball 3-1: Called Strike 3-2: SINGLE (Groundball, 6MD, EV 98.1 MPH)
|
|
Batting: RHB Brad Komminsk
|
0-0: Ball 1-0: Ball 2-0: Ball 3-0: Called Strike 3-1: Base on Balls German Rivera to second
|
|
Batting: LHB Dave Kable
|
0-0: Ball 1-0: Grounds into double play, 3-6-1 (Groundball, 3, EV 104.4 MPH)
|
| Bottom of the 4th over - 0 runs, 1 hit, 0 errors, 1 left on base; Buffalo 0 - Tidewater 0 |
| TOP OF THE 5TH |
|
Buffalo Bisons batting - Pitching for Tidewater Tides : RHP Bud Yanus
|
|
Batting: RHB Bill Bathe
|
0-0: Ball 1-0: Called Strike 1-1: Called Strike 1-2: Strikes out looking
|
|
Batting: RHB John Seefried
|
0-0: Called Strike 0-1: Swinging Strike 0-2: Ball 1-2: Ball 2-2: Ground out 6-3 (Groundball, 6, EV 92.5 MPH)
|
|
Batting: LHB Bob Skube
|
0-0: Ball 1-0: Called Strike 1-1: Swinging Strike 1-2: Foul Ball, location: 2F 1-2: Strikes out swinging
|
| Top of the 5th over - 0 runs, 0 hits, 0 errors, 0 left on base; Buffalo 0 - Tidewater 0 |
| BOTTOM OF THE 5TH |
|
Tidewater Tides batting - Pitching for Buffalo Bisons : RHP Bill Landrum
|
|
Batting: RHB Mike Rex
|
0-0: Ground out 5-3 (Groundball, 56S, EV 66.9 MPH)
|
|
Batting: RHB George Gomez
|
0-0: Foul Ball, location: 2F 0-1: Ball 1-1: SINGLE (Groundball, 56D, EV 96.3 MPH)
|
|
Batting: RHB Thomas Walker
|
0-0: Ball 1-0: SINGLE (Line Drive, 7LS, EV 101.9 MPH) George Gomez to second
|
|
Batting: LHB Mike Martin
|
0-0: Ball 1-0: Ball 2-0: Foul Ball, location: 2F 2-1: Grounds out, U3 (Groundball, 3L, EV 85.6 MPH) George Gomez to third
|
|
Batting: SHB Julio Valdez
|
0-0: Called Strike 0-1: DOUBLE (Line Drive, 89D, EV 107.5 MPH) George Gomez scores Thomas Walker scores
|
|
Batting: RHB Juan Garcia
|
0-0: Ball 1-0: Swinging Strike 1-1: Swinging Strike 1-2: Ball 2-2: Ground out 6-3 (Groundball, 6, EV 82.5 MPH)
|
| Bottom of the 5th over - 2 runs, 3 hits, 0 errors, 1 left on base; Buffalo 0 - Tidewater 2 |
| TOP OF THE 6TH |
|
Buffalo Bisons batting - Pitching for Tidewater Tides : RHP Bud Yanus
|
|
Batting: RHB Pat Keedy
|
0-0: Swinging Strike 0-1: Foul Ball, location: 2F 0-2: Ball 1-2: Strikes out swinging
|
|
Batting: RHB Nicholas Kintz
|
0-0: Called Strike 0-1: Called Strike 0-2: Foul Ball, location: 2F 0-2: Reached on error, E5 (Groundball, 56, EV 80.6 MPH)
|
|
Batting: RHB Carlos Matamoros
|
0-0: Swinging Strike 0-1: Ball 1-1: Fielders Choice at 2nd, 5-4 (Groundball, 56S, EV 83.1 MPH)
|
|
Batting: LHB Phillip Baskerville
|
0-0: Ball 1-0: Ground out U3 (Groundball, 3, EV 97.5 MPH)
|
| Top of the 6th over - 0 runs, 0 hits, 1 error, 1 left on base; Buffalo 0 - Tidewater 2 |
| BOTTOM OF THE 6TH |
|
Tidewater Tides batting - Pitching for Buffalo Bisons : RHP Bill Landrum
|
|
Batting: RHB German Rivera
|
0-0: Foul Ball, location: 2F 0-1: Reached on error, E4 (Groundball, 4, EV 102.5 MPH)
|
|
Batting: RHB Brad Komminsk
|
0-0: Called Strike 0-1: Ball 1-1: Foul Ball, location: 2F 1-2: Ball 2-2: Foul Ball, location: 2F 2-2: Ground out 5-3 (Groundball, 56, EV 87.5 MPH)
|
|
Batting: LHB Dave Kable
|
0-0: Ball German Rivera steals 3rd base 1-0: Ball 2-0: Swinging Strike 2-1: Foul Ball, location: 2F 2-2: Ball 3-2: Base on Balls
|
|
Batting: RHB Mike Rex
|
0-0: Fly out, F7 (Flyball, 7, EV 82.5 MPH)
|
|
Batting: RHB George Gomez
|
0-0: Foul Ball, location: 2F 0-1: Ball 1-1: 3-RUN HOME RUN (Flyball, 7D, EV 90.0 MPH), Distance : 366 ft
|
|
Batting: RHB Thomas Walker
|
0-0: Ball 1-0: Ball 2-0: Ball 3-0: Called Strike 3-1: Fly out, F8 (Flyball, 8RXD, EV 99.4 MPH)
|
| Bottom of the 6th over - 3 runs, 1 hit, 1 error, 0 left on base; Buffalo 0 - Tidewater 5 |
| TOP OF THE 7TH |
|
Buffalo Bisons batting - Pitching for Tidewater Tides : RHP Bud Yanus
|
|
Batting: RHB Juan Villa
|
0-0: Ground out 4-3 (Groundball, 4, EV 82.5 MPH)
|
|
Batting: SHB George D Wright
|
0-0: Ball 1-0: Foul Ball, location: 2F 1-1: Ground out U3 (Groundball, 3, EV 81.9 MPH)
|
|
Batting: RHB Bill Bathe
|
0-0: Ground out 6-3 (Groundball, 6, EV 109.4 MPH)
|
| Top of the 7th over - 0 runs, 0 hits, 0 errors, 0 left on base; Buffalo 0 - Tidewater 5 |
| BOTTOM OF THE 7TH |
|
Tidewater Tides batting - Pitching for Buffalo Bisons : RHP Bill Landrum
|
|
Pitching: LHP Richard Graser
|
|
|
Batting: LHB Mike Martin
|
0-0: Ball 1-0: Fly out, F2 (Popup, 2LF, EV 85.0 MPH)
|
|
Batting: SHB Julio Valdez
|
0-0: Called Strike 0-1: Fly out, F8 (Line Drive, 8LM, EV 106.3 MPH)
|
|
Batting: RHB Juan Garcia
|
0-0: Ball 1-0: Foul Ball, location: 2F 1-1: Ground out U3 (Groundball, 34, EV 92.5 MPH)
|
| Bottom of the 7th over - 0 runs, 0 hits, 0 errors, 0 left on base; Buffalo 0 - Tidewater 5 |
| TOP OF THE 8TH |
|
Buffalo Bisons batting - Pitching for Tidewater Tides : RHP Bud Yanus
|
|
Batting: RHB John Seefried
|
0-0: Foul Ball, location: 2F 0-1: Swinging Strike 0-2: SINGLE (Groundball, 56D, EV 103.8 MPH)
|
|
Batting: LHB Bob Skube
|
0-0: Called Strike 0-1: Called Strike 0-2: Ball 1-2: Strikes out swinging
|
|
Batting: RHB Pat Keedy
|
0-0: Called Strike 0-1: Fielders Choice at 2nd, 5-4 (Groundball, 56, EV 81.9 MPH)
|
|
Batting: RHB Nicholas Kintz
|
0-0: Ball 1-0: DOUBLE (Line Drive, 78M, EV 98.8 MPH) Pat Keedy to third Runner from 3rd tries for Home, SAFE, throw by CF to trailing runner, SAFE at third!
|
|
Batting: RHB Carlos Matamoros
|
0-0: Called Strike 0-1: Called Strike 0-2: Ball 1-2: Ground out 4-3 (Groundball, 4, EV 94.4 MPH)
|
| Top of the 8th over - 1 run, 2 hits, 0 errors, 1 left on base; Buffalo 1 - Tidewater 5 |
| BOTTOM OF THE 8TH |
|
Tidewater Tides batting - Pitching for Buffalo Bisons : LHP Richard Graser
|
|
Batting: RHB German Rivera
|
0-0: Ball 1-0: Foul Ball, location: 2F 1-1: Foul Ball, location: 2F 1-2: DOUBLE (Groundball, 5L, EV 103.8 MPH)
|
|
Batting: RHB Brad Komminsk
|
0-0: Ball 1-0: Called Strike 1-1: Ball 2-1: Foul Ball, location: 2F 2-2: Ball 3-2: Foul Ball, location: 2F 3-2: Foul Ball, location: 2F 3-2: Foul Ball, location: 2F 3-2: Foul Ball, location: 2F 3-2: Ground out U3 (Groundball, 3L, EV 90.6 MPH) German Rivera to third
|
|
Batting: LHB Dave Kable
|
0-0: Fly out, F8 (Flyball, 8LM, EV 90.0 MPH) Runner from 3rd tags up, SCORES, throw by CF
|
|
Batting: RHB Mike Rex
|
0-0: Ball 1-0: Ball 2-0: Ground out 6-3 (Groundball, 6, EV 85.0 MPH)
|
| Bottom of the 8th over - 1 run, 1 hit, 0 errors, 0 left on base; Buffalo 1 - Tidewater 6 |
| TOP OF THE 9TH |
|
Buffalo Bisons batting - Pitching for Tidewater Tides : RHP Bud Yanus
|
|
Batting: LHB Phillip Baskerville
|
0-0: Called Strike 0-1: Ball 1-1: Ball 2-1: Ground out 4-3 (Groundball, 4D, EV 102.5 MPH)
|
|
Batting: RHB Juan Villa
|
0-0: Fly out, F9 (Line Drive, 9D, EV 97.5 MPH)
|
|
Batting: SHB George D Wright
|
0-0: Ball 1-0: Foul Ball, location: 2F 1-1: Ball 2-1: Fly out, F7 (Flyball, 7LM, EV 98.8 MPH)
|
| Top of the 9th over - 0 runs, 0 hits, 0 errors, 0 left on base; Buffalo 1 - Tidewater 6 |
|